cohdb
Replays
Latest Replays
All Replays
Popular Replays
Top Player Replays
Match Explorer
How It Works
Community
CoH3 Stats
Reddit
Sign in to upload your games and track your stats! →
Sign in with Steam
Match 41235856
Unlisted
Match 41235856
Overview
Messages
Build Orders
End
Kradschützen Motorcycle Team
Panzergrenadier Squad
Selects Panzerjäger Kommand Battlegroup
Selects Mine Fields
Panzergrenadier Squad
Panzerpioneer Squad
Kradschützen Motorcycle Team
Construct Light Support Kompanie
Fire Support Elements
Selects Tank Busters
Flakvierling Half-track
2.5-tonne Medical Truck
Panzerjäger Mechanized Group
Vehicle Survival Package
Selects Crew Shock Tactics
Panzerpioneer Squad
MG34 Team
Construct Panzerarmee Kommand
Selects Anti-tank Overwatch
Panzer III L Medium Tank
Emergency Repair Kits
Pak 38 Mechanized Group
Selects Early Warning
Armored Reserves
Pak 38 Anti-tank Gun Team
Selects Butterfly Bomb Drop
Tiger Heavy Tank
Kradschützen Motorcycle Team
Anti-tank Overwatch
Kradschützen Motorcycle Team
Rapid Advance
Panzer III L Medium Tank
Panzer IV Assault Group
Panzer III L Medium Tank
RtN.momo4sho
PAX AJAX
0
0
Comments
sign in to comment!
No comments posted yet!